 Dungeon Crawl Stone Soup version 0.22-a0-469-gf26638a (webtiles) character file.

6449 bubblethief the Nimble (level 10, -8/76 HPs)
             Began as a Merfolk Ice Elementalist on June 10, 2018.
             Was a Believer of Ashenzari.
             Mangled by Urug
             ... wielding a +0 demon trident of venom
              (18 damage)
             ... on level 2 of the Lair of Beasts on June 11, 2018.
             The game lasted 00:37:56 (11377 turns).

bubblethief the Nimble (Merfolk Ice Elementalist)  Turns: 11377, Time: 00:37:56

Health: -8/76      AC:  7    Str: 13    XL:     10   Next: 99%
Magic:  1/13       EV: 20    Int: 16    God:    Ashenzari [**....]
Gold:   325        SH:  0    Dex: 16    Spells: 2/13 levels left

rFire    + . .     SeeInvis .   B - +3 dagger (elec) (curse)
rCold    . . .     Gourm    .   (no shield)
rNeg     . . .     Faith    .   y - +2 leather armour {rF+} (curse)
rPois    +         Spirit   .   E - +0 hat
rElec    .         Reflect  .   t - scarf {cloud immunity} (curse)
rCorr    .         Harm     .   J - +0 pair of gloves (curse)
MR       .....                  g - +0 pair of boots
Stlth    ++........             o - amulet of rage
HPRegen  0.22/turn              O - ring of poison resistance (curse)
MPRegen  0.13/turn              N - +4 ring of strength (curse)

@: no status effects
A: change form in water, swift swim, stealthy swim
a: Curse Item, Scrying, Renounce Religion, Evoke Berserk Rage


You were on level 2 of the Lair of Beasts.
You worshipped Ashenzari.
Ashenzari was pleased with you.
You were not hungry.

You visited 3 branches of the dungeon, and saw 11 of its levels.
You also visited: Sewer and Ossuary.

You collected 526 gold pieces.
You spent 201 gold pieces at shops.

Inventory:

Hand Weapons
 j - a +1 mace of venom
 v - a +0 blowgun
 B - a cursed +3 dagger of electrocution (weapon)
Missiles
 w - 31 poisoned needles
 C - 6 needles of sleeping
Armour
 a - a +0 robe
 g - a +0 pair of boots (worn)
 t - a cursed scarf of cloud immunity (worn)
 y - a cursed +2 leather armour of fire resistance (worn)
 E - a +0 hat (worn)
 J - a cursed +0 pair of gloves (worn)
Jewellery
 o - an amulet of rage (around neck)
 N - a cursed +4 ring of strength (right hand)
 O - a cursed ring of poison resistance (left hand)
Wands
 m - a wand of iceblast (9)
 s - a wand of acid (8)
 H - a wand of enslavement (32)
 M - a wand of disintegration (11)
Scrolls
 b - 8 scrolls of teleportation
 d - 4 scrolls of amnesia
 e - 5 scrolls of fear
 f - 8 scrolls of identify
 h - a scroll of enchant weapon
 n - 3 scrolls of blinking
 q - 7 scrolls of magic mapping
 r - 2 scrolls of remove curse
 G - a scroll of fog
Potions
 k - 6 potions of curing
 l - 4 potions of heal wounds
 p - 5 potions of mutation
 u - a potion of ambrosia
 x - a potion of resistance
 z - 2 potions of invisibility
 A - 6 potions of flight
 D - 5 potions of might
 F - 3 potions of brilliance
 I - 3 potions of magic
 K - 2 potions of haste
 L - 3 potions of lignification
Comestibles
 c - 13 rations


   Skills:
 - Level 5.8 Fighting
 - Level 7.3(9.7) Short Blades
 - Level 10.5(11.8) Dodging
 - Level 2.1(3.3) Stealth
 - Level 2.0 Spellcasting
 + Level 1.6(2.7) Conjurations
 - Level 1.5(2.6) Charms
 - Level 8.4(9.9) Summonings
 - Level 9.0(10.4) Ice Magic


You had 2 spell levels left.
You knew the following spells:

 Your Spells              Type           Power        Failure   Level  Hunger
a - Freeze                Ice            ####         1%          1    #......
b - Summon Ice Beast      Ice/Summ       ####....     4%          4    #####..
c - Ozocubu's Armour      Chrm/Ice       ###.....     5%          3    ###....
d - Conjure Flame         Conj/Fire      #.......     41%         3    ###....

Your spell library contained the following spells:

 Spells                   Type           Power        Failure   Level  Hunger
 Magic Dart               Conj           ##..         9%          1    #......
 Apportation              Tloc           #.....       24%         1    #......
 Slow                     Hex            #.......     36%         2    ###....
 Throw Frost              Conj/Ice       ###...       2%          2    ###....
 Mephitic Cloud           Conj/Pois/Air  #.......     45%         3    ###....
 Summon Small Mammal      Summ           ####         1%          1    #......
 Blink                    Tloc           N/A          36%         2    ###....
 Animate Skeleton         Necr           N/A          24%         1    #......
 Call Imp                 Summ           ####....     1%          2    ###....
 Stone Arrow              Conj/Erth      #.....       41%         3    ###....
 Throw Icicle             Conj/Ice       ###.....     19%         4    #####..
 Confusing Touch          Hex            #.....       24%         1    #......
 Passwall                 Tmut/Erth      #.......     36%         2    ###....
 Lee's Rapid Deconstruct  Erth           #.........   100%        5    ######.
 Sandblast                Erth           #.....       24%         1    #......
 Petrify                  Tmut/Erth      #.......     94%         4    #####..


Dungeon Overview and Level Annotations

Branches:
Dungeon (8/15)             Temple (1/1) D:5            Lair (2/6) D:8
  Swamp: Lair:2-4    Shoals: Lair:2-4     Snake: Lair:2-4    Spider: Lair:2-4

Altars:
Ashenzari
Cheibriados
Dithmenos
Gozag
Makhleb
Okawaru
Qazlal
Ru
Zin
The Shining One

Shops:
D:4 *?:==   D:8 [

Annotations:
D:4 Grinder
Lair:2 Urug


Message History

Your ice beast closely misses Urug.
Your ice beast barely misses Urug.
You hit Urug but do no damage.
Urug is almost dead.
Urug hits you but does no damage.
You hit Urug but do no damage.
Urug is almost dead.
Your ice beast looks more healthy.
Your ice beast closely misses Urug. x2
You completely miss Urug.
Urug is almost dead.
Urug says, "They call me one-eyed Urug.
When I'm done with you they'll have to call you no-head bubblethief."
Urug hits you with a demon trident of venom!
* * * LOW HITPOINT WARNING * * *
You barely miss Urug.
Urug is almost dead.
Your ice beast hits Urug but does no damage. x2
You completely miss Urug.
Urug is almost dead.
Urug hits you with a demon trident of venom!!
You die...

, , , ,,, ,,, ,, ,.. ,
...., , ,, , . * #..# ,,
, , *# *
#..############# *# ,,
#.####..#.##.##.##..####
........................
,
.......................
,* * *
*#.....#####..##.#### ,
* ####@o##.###.######. ,
..#P.P.YY#..P.###....#.
, ,
...P.....(..............
,
..........(.............
.#..###.P#(#######..#.P#
#.## ###### *.#. #* **#


You could see Urug and 2 friendly ice beasts.

Vanquished Creatures
  3 spiny frogs
  2 komodo dragons (Lair:1)
  Prince Ribbit (D:7)
  Eustachio (D:4)
  A basilisk (Lair:1)
  2 yaks (Lair:1)
  4 porcupines
  Duvessa (D:4)
  A water moccasin (D:8)
  2 black bears (D:8)
  An orc warrior (D:8)
  A phantom (D:8)
  2 ogres
  A centaur (D:6)
  2 elf zombies (Ossuary)
  6 bullfrogs
  Dowan (D:4)
  A water moccasin skeleton (D:8)
  2 howler monkeys
  3 jellies
  5 crimson imps
  2 centaur zombies (Ossuary)
  A quasit (D:6)
  2 orc priests
  3 hounds
  5 orc wizards
  Jessica (D:2)
  8 worker ants
  Natasha (thrice) (D:2)
  2 iguanas
  A hound skeleton (D:5)
  2 mummies (Ossuary)
  A howler monkey zombie (D:7)
  A worker ant zombie (D:8)
  3 gnolls (D:8)
  20 adders
  4 river rats (Sewer)
  A shadow imp (D:7)
  3 oozes
  4 worms
  7 dart slugs
  13 leopard geckos
  16 orcs
  17 ball pythons
  6 giant cockroaches
  9 goblins
  9 hobgoblins
  6 jackals
  9 kobolds
  14 bats
  4 frilled lizards
  A leopard gecko skeleton (D:8)
  A leopard gecko zombie (D:8)
  33 rats
255 creatures vanquished.

Vanquished Creatures (collateral kills)
  A gargoyle (D:6)
  A komodo dragon (Lair:1)
  The ghost of anything the Quickloader, a novice KoHu (D:4)
  A yak (Lair:1)
  Menkaure (D:4)
  An ice beast (D:5)
  A phantom (D:5)
  An ogre (D:5)
  2 elf zombies (Ossuary)
  3 human zombies (Ossuary)
  3 centaur zombies (Ossuary)
  A mummy (Ossuary)
  An orc (D:5)
18 creatures vanquished.

Vanquished Creatures (others)
  2 fungi (D:8)
2 creatures vanquished.

Grand Total: 275 creatures vanquished

Notes
Turn   | Place    | Note
-------+----------+-------------------------------------------
     0 | D:1      | bubblethief the Merfolk Ice Elementalist began the quest for the Orb.
     0 | D:1      | Reached XP level 1. HP: 13/13 MP: 3/3
   145 | D:1      | Reached XP level 2. HP: 9/19 MP: 1/5
   453 | D:1      | Reached XP level 3. HP: 20/24 MP: 1/6
   664 | D:1      | Upgraded the game from 0.22-a0-467-g5c5de1c to 0.22-a0-469-gf26638a
  1282 | D:2      | Noticed Jessica
  1288 | D:2      | Reached skill level 5 in Ice Magic
  1361 | D:2      | Killed Jessica
  1361 | D:2      | Reached XP level 4. HP: 21/30 MP: 0/7
  1665 | D:2      | Reached XP level 5. HP: 33/35 MP: 1/8
  1675 | D:2      | Noticed Natasha
  1681 | D:2      | Killed Natasha
  1847 | D:2      | Found an iron altar of Okawaru.
  2025 | D:2      | Noticed Natasha
  2032 | D:2      | Killed Natasha
  2049 | D:2      | Noticed Natasha
  2258 | D:2      | Killed Natasha
  2258 | D:2      | Reached XP level 6. HP: 37/41 MP: 6/9
  2843 | D:3      | Learned a level 4 spell: Summon Ice Beast
  3123 | D:3      | Reached skill level 1 in Summonings
  3550 | D:3      | Found a snail-covered altar of Cheibriados.
  3634 | D:4      | Noticed Duvessa
  3634 | D:4      | Noticed Dowan
  3641 | D:4      | Killed Duvessa
  3641 | D:4      | Reached XP level 7. HP: 29/46 MP: 4/10
  3646 | D:4      | Killed Dowan
  3814 | D:4      | Found Wemuq's General Store.
  3819 | D:4      | Bought a potion of heal wounds for 65 gold pieces
  3819 | D:4      | Bought a scroll of blinking for 97 gold pieces
  3819 | D:4      | Bought a potion of curing for 39 gold pieces
  3919 | D:4      | Noticed Grinder
  3929 | D:4      | Noticed Menkaure
  4028 | D:4      | Noticed anything's ghost (novice KoHu)
  4108 | D:4      | Found Vyudd's Jewellery Boutique.
  4147 | D:5      | Entered Level 5 of the Dungeon
  4653 | D:5      | Reached skill level 5 in Summonings
  4805 | D:5      | Reached XP level 8. HP: 52/52 MP: 3/11
  5026 | D:5      | Found a glowing golden altar of the Shining One.
  5182 | D:5      | Found a staircase to the Ecumenical Temple.
  5213 | Temple   | Entered the Ecumenical Temple
  5219 | Temple   | Became a worshipper of Ashenzari the Shackled
  5611 | D:4      | Found Fetuo's Book Boutique.
  5651 | D:4      | Noticed Eustachio
  5688 | D:4      | Killed Eustachio
  5740 | D:4      | Found Zarufesm's Jewellery Shoppe.
  5812 | D:4      | Killed anything's ghost
  5851 | D:4      | Found a shadowy altar of Dithmenos.
  5855 | D:4      | Found a sacrificial altar of Ru.
  5857 | D:4      | Found Bon Isach's Magic Scroll Shoppe.
  5929 | D:4      | Killed Menkaure
  5929 | D:4      | Reached skill level 3 in Dodging
  6092 | D:6      | Reached skill level 1 in Fighting
  6131 | D:6      | Reached skill level 4 in Dodging
  6246 | D:6      | Reached XP level 9. HP: 51/59 MP: 12/12
  6286 | D:6      | Found an iron altar of Okawaru.
  6302 | D:6      | Noticed a gargoyle
  6371 | D:6      | Found a glowing drain.
  6391 | Sewer    | Entered a sewer
  6422 | Sewer    | Reached skill level 5 in Dodging
  7046 | D:6      | Reached skill level 6 in Dodging
  7185 | D:6      | Found an opulent altar of Gozag.
  7301 | D:6      | Reached * piety under Ashenzari
  7412 | D:6      | Killed a gargoyle
  7531 | D:7      | Noticed Prince Ribbit
  7554 | D:7      | Killed Prince Ribbit
  7554 | D:7      | Reached skill level 7 in Dodging
  7774 | D:7      | Found a sand-covered staircase.
  7783 | Ossuary  | Entered an ossuary
  7898 | Ossuary  | Reached skill level 8 in Dodging
  8102 | Ossuary  | Learned a level 3 spell: Ozocubu's Armour
  8338 | D:7      | Found an iron altar of Okawaru.
  8375 | D:7      | Reached XP level 10. HP: 73/73 MP: 10/13
  8518 | D:7      | Reached skill level 9 in Dodging
  8733 | D:8      | Reached skill level 5 in Fighting
  8764 | D:8      | Found Kakykief's Antique Armour Emporium.
  8998 | D:8      | Found a staircase to the Lair.
  9262 | D:8      | Reached skill level 10 in Dodging
  9495 | D:8      | Found a stormy altar of Qazlal.
  9818 | Lair:1   | Entered Level 1 of the Lair of Beasts
  9818 | Lair:1   | Noticed a spiny frog
  9822 | Lair:1   | Reached skill level 1 in Short Blades
  9838 | Lair:1   | Killed a spiny frog
 10004 | Lair:1   | Reached skill level 5 in Short Blades
 10779 | Lair:1   | Reached ** piety under Ashenzari
 11098 | Lair:1   | Noticed a spiny frog
 11107 | Lair:1   | Killed a spiny frog
 11259 | Lair:1   | Reached skill level 1 in Charms
 11284 | Lair:2   | Learned a level 3 spell: Conjure Flame
 11294 | Lair:2   | Noticed a death yak
 11304 | Lair:2   | Noticed Urug
 11348 | Lair:2   | Noticed a spiny frog
 11360 | Lair:2   | Killed a spiny frog
 11360 | Lair:2   | Reached skill level 1 in Conjurations
 11377 | Lair:2   | Mangled by Urug

Vault maps used:
D:1:      minmay_arrival_four_loops
D:2:      kennysheep_six_static_rooms, grunt_decor_cap, okawaru_gym_becter,
          uniq_natasha, uniq_jessica
D:3:      lemuel_doored_altar
D:4:      grunt_temple_overflow_open, serial_shops, kennysheep_little_box, shop,
          kennysheep_mini, shop, shop, minmay_misc_feat_iff, uniq_grinder,
          uniq_duvessa, uniq_menkaure, uniq_eustachio
D:5:      tso_oasis_becter, temple_pool_b, first_ration
D:6:      nicolae_overflow_hidden_temple, marbit_many_paths,
          gup_sewer_entry_pipe
D:7:      lightli_ossuary_entry_decrepit_ruins, basic_altar, uniq_prince_ribbit1
D:8:      nicolae_qazlal_eye_of_the_storm, grunt_lair_entry_orc_guard_hut,
          serial_shops, shop_fountains
Temple:   dshaligram_water_room_temple
Lair:1:   infiniplex_staircase_pool_2, lemuel_fruit_fields, grunt_megastairs_3
Lair:2:   cheibrodos_lair_overgrown_chateau, minmay_snake_entry_guardpost_large,
          portal_ice_cave_entry_ice_beasts, serial_bayou_shore_b, uniq_urug
Sewer:    sewer_minmay_w
Ossuary:  ossuary_minmay_four_chambers

Skill      XL: |  1  2  3  4  5  6  7  8  9 10 |
---------------+-------------------------------+-----
Ice Magic      | 4 5 6 7 9 |  9.0
Summonings     | 3 5 8 |  8.4
Dodging        | 4 8 10 | 10.5
Fighting       | 1 4 5 |  5.8
Short Blades   | 7 |  7.3
Charms         | 1 |  1.5
Conjurations   | 1 |  1.6
Stealth        | |  2.1
Spellcasting   | |  2.0

Action                   |  1- 3 |  4- 6 |  7- 9 | 10-12 || total
-------------------------+-------+-------+-------+-------++-------
Melee: Unarmed           |     5 |       |       |       ||     5
       Dagger            |    11 |    43 |   251 |   112 ||   417
       Mace              |       |       |    12 |       ||    12
       Tailslap          |       |       |     4 |       ||     4
 Fire: Blowgun           |       |       |    18 |       ||    18
 Cast: Freeze            |    50 |   108 |   180 |    67 ||   405
       Summon Ice Beast  |       |       |    19 |     7 ||    26
       Ozocubu's Armour  |       |       |     1 |       ||     1
Invok: Curse Item        |       |       |       |     6 ||     6
  Use: Scroll            |       |       |     1 |    15 ||    16
       Potion            |       |       |       |     1 ||     1
 Stab: Sleeping          |     1 |    14 |     4 |     4 ||    23
       Distracted        |       |       |     2 |     1 ||     3
  Eat: Chunk             |     2 |     9 |    10 |     5 ||    26
       Ration            |       |       |     4 |     2 ||     6
Armor: Robe              |    14 |    19 |       |       ||    33
       Leather armour    |       |       |   127 |    17 ||   144
Dodge: Dodged            |    42 |    93 |   385 |   108 ||   628

Table legend:
 A = Spawn XP
 B = Non-spawn XP
 C = Spawn XP percentage of total XP
 D = Spawn monster count
 E = Non-spawn monster count
 F = Spawn count percentage of total count
 G = Total turns spent on level
                    A         B        C        D         E        F      G
               +---------+---------+-------+---------+---------+-------+---------
         Total |       0 |    9214 |   0.0 |       0 |     273 |   0.0 | 11377
               +---------+---------+-------+---------+---------+-------+---------
           D:1 |       0 |      51 |   0.0 |       0 |      21 |   0.0 |  1192
           D:2 |       0 |     284 |   0.0 |       0 |      45 |   0.0 |  1298
           D:3 |       0 |     181 |   0.0 |       0 |      36 |   0.0 |  1128
           D:4 |       0 |     872 |   0.0 |       0 |      11 |   0.0 |   939
           D:5 |       0 |     768 |   0.0 |       0 |      22 |   0.0 |  1462
           D:6 |       0 |     910 |   0.0 |       0 |      23 |   0.0 |   979
           D:7 |       0 |     876 |   0.0 |       0 |      21 |   0.0 |   807
           D:8 |       0 |    1454 |   0.0 |       0 |      20 |   0.0 |  1093
        Lair:1 |       0 |    2602 |   0.0 |       0 |      10 |   0.0 |  1461
        Lair:2 |       0 |     242 |   0.0 |       0 |       1 |   0.0 |    98
         Sewer |       0 |     350 |   0.0 |       0 |      48 |   0.0 |   480
       Ossuary |       0 |     624 |   0.0 |       0 |      15 |   0.0 |   427
               +---------+---------+-------+---------+---------+-------+---------
